 Dungeon Crawl Stone Soup version 0.23.2-33-g5129a83184 (webtiles) character file.

Game seed: 16255873459716941443

49 EtherCrawl the Sneak (level 3, -1/25 HPs)
             Began as a Gnoll Enchanter on Aug 3, 2019.
             Slain by an adder (2 damage)
             ... on level 2 of the Dungeon.
             The game lasted 00:02:32 (1186 turns).

EtherCrawl the Sneak (Gnoll Enchanter)              Turns: 1186, Time: 00:02:33

Health: -1/25      AC:  3    Str: 11    XL:     3   Next: 75%
Magic:  7/9        EV: 14    Int: 17    God:
Gold:   35         SH:  0    Dex: 15    Spells: 9/12 levels left

rFire    . . .     SeeInvis .   a - +1 dagger
rCold    . . .     Gourm    .   (no shield)
rNeg     . . .     Faith    .   b - +0 robe
rPois    .         Spirit   .   (no helmet)
rElec    .         Reflect  .   (no cloak)
rCorr    .         Harm     .   e - +0 pair of gloves
MR       .....                  (no boots)
Stlth    +++.......             (no amulet)
HPRegen  0.08/turn              (no ring)
MPRegen  0.11/turn              (no ring)

@: lethally poisoned (-1 -> -10)
A: distributed training, fangs 1, strong nose
a: no special abilities


You were on level 2 of the Dungeon.
You were not hungry.

You visited 1 branch of the dungeon, and saw 2 of its levels.

You collected 35 gold pieces.

Inventory:

Hand Weapons
 a - a +1 dagger (weapon)
 c - a +0 spear
Missiles
 l - 24 arrows
 n - 46 stones (quivered)
Armour
 b - a +0 robe (worn)
 e - a +0 pair of gloves (worn)
Scrolls
 f - a scroll of enchant armour {unknown}
 h - 3 scrolls of amnesia {unknown}
 i - a scroll of magic mapping {unknown}
 j - a scroll of remove curse {unknown}
 k - 2 scrolls of identify {unknown}
Potions
 g - a potion of haste {unknown}
 m - a potion of lignification {unknown}
Comestibles
 d - 2 rations


   Skills:
 + Level 0.9 Fighting
 + Level 2.6 Short Blades
 + Level 0.9 Long Blades
 + Level 0.9 Axes
 + Level 0.9 Maces & Flails
 + Level 0.9 Polearms
 + Level 0.9 Staves
 + Level 0.9 Slings
 + Level 0.9 Bows
 + Level 0.9 Crossbows
 + Level 0.9 Throwing
 + Level 0.9 Armour
 + Level 4.5 Dodging
 + Level 6.0 Stealth
 + Level 0.9 Shields
 + Level 0.9 Unarmed Combat
 + Level 5.0 Spellcasting
 + Level 0.6 Conjurations
 + Level 5.4 Hexes
 + Level 0.6 Charms
 + Level 0.6 Summonings
 + Level 0.6 Necromancy
 + Level 0.6 Translocations
 + Level 0.6 Transmutations
 + Level 0.6 Fire Magic
 + Level 0.6 Ice Magic
 + Level 0.6 Air Magic
 + Level 0.6 Earth Magic
 + Level 0.6 Poison Magic
 + Level 1.0 Invocations
 + Level 0.9 Evocations


You had 9 spell levels left.
You knew the following spells:

 Your Spells              Type           Power        Failure   Level  Hunger
a - Corona                Hex            ###....      1%          1    None
b - Ensorcelled Hibernat  Hex/Ice        ##....       6%          2    #......

Your spell library contained the following spells:

 Spells                   Type           Power        Failure   Level  Hunger
 Confuse                  Hex            ###.....     4%          3    ###....
 Tukima's Dance           Hex            ###.....     4%          3    ###....
 Dazzling Spray           Conj/Hex       ##....       12%         3    ###....


Dungeon Overview and Level Annotations

Branches:
Dungeon (2/15)

Altars:

Annotations:
D:2 Robin, Sigmund


Innate Abilities, Weirdness & Mutations

Your experience applies equally to all skills.
You have very sharp teeth.
Your uncanny sense of smell can sniff out nearby items.


Message History

You closely miss the adder.
The adder is moderately wounded.
You feel sick. The adder misses you. Sigmund hits you but does no damage.
You hit the adder.
The adder is severely wounded.
You feel sick. The adder barely misses you.
The leopard gecko hisses menacingly.
You hit the adder.
The adder is almost dead.
The adder closely misses you.
Sigmund hits you from afar with a +0 scythe!
* * * LOW HITPOINT WARNING * * *
You miss the adder.
The adder is almost dead.
* * * LOW HITPOINT WARNING * * *
You feel sick. The adder misses you. Sigmund closely misses you.
Sorry, you're not good enough to have a special ability.
* * * LOW HITPOINT WARNING * * *
You feel sick. The adder bites you.
You die...

#...........$#
##
##..g.!........
.
......gg..<....
#. #.g.........
.## #l.........
.. #gg........
#. #..........
#.###.gg.......
#.@##@.g.......
##.Sllwg##...S#
######.# .##.#
#....# .. ...##
##.. ..# ..


You could see a worm, an adder, a leopard gecko, a hobgoblin and a frilled
lizard.

Vanquished Creatures
  An adder (D:2)
  An ooze (D:1)
  A dart slug (D:1)
  3 giant cockroaches (D:1)
  6 goblins (D:1)
  2 hobgoblins (D:1)
  7 jackals (D:1)
  4 bats
  2 frilled lizards (D:1)
  A kobold (D:1)
  4 rats (D:1)
32 creatures vanquished.

Notes
Turn   | Place    | Note
-------+----------+-------------------------------------------
     0 | D:1      | EtherCrawl the Gnoll Enchanter began the quest for the Orb.
     0 | D:1      | Reached XP level 1. HP: 13/13 MP: 6/6
   116 | D:1      | Reached XP level 2. HP: 17/20 MP: 7/7
   120 | D:1      | Learned a level 2 spell: Ensorcelled Hibernation
   307 | D:1      | Reached XP level 3. HP: 7/25 MP: 9/9
   317 | D:1      | Reached skill level 5 in Spellcasting
   708 | D:1      | Reached skill level 6 in Stealth
  1159 | D:2      | Noticed Sigmund
  1165 | D:2      | Noticed Robin
  1172 | D:2      | Reached skill level 1 in Invocations
  1186 | D:2      | HP: 1/25 [poisoned by an adder]
  1186 | D:2      | Slain by an adder

Skill      XL: |  1  2  3 |
---------------+----------+-----
Spellcasting   | 5 |  5.0
Stealth        | 6 |  6.0
Invocations    | 1 |  1.0
Fighting       | |  0.9
Short Blades   | |  2.6
Long Blades    | |  0.9
Axes           | |  0.9
Maces & Flails | |  0.9
Polearms       | |  0.9
Staves         | |  0.9
Slings         | |  0.9
Bows           | |  0.9
Crossbows      | |  0.9
Throwing       | |  0.9
Armour         | |  0.9
Dodging        | |  4.5
Shields        | |  0.9
Unarmed Combat | |  0.9
Conjurations   | |  0.6
Hexes          | |  5.4
Charms         | |  0.6
Summonings     | |  0.6
Necromancy     | |  0.6
Translocations | |  0.6
Transmutations | |  0.6
Fire Magic     | |  0.6
Ice Magic      | |  0.6
Air Magic      | |  0.6
Earth Magic    | |  0.6
Poison Magic   | |  0.6
Evocations     | |  0.9

Action                   || total
-------------------------++-------
Melee: Dagger            ||   147
       Bite              ||    14
 Cast: Ensorcelled Hiber ||     1
 Stab: Sleeping          ||     4
  Eat: Chunk             ||     1
Armor: Robe              ||    43
Dodge: Dodged            ||   127
